 Dungeon Crawl Stone Soup version 0.24-a0-530-g18ba70b5 (webtiles) character file.

Game seed: 12992183464984483588

151 Bapo the Slasher (level 5, -9/69 HPs)
             Began as a Draconian Berserker on Aug 8, 2019.
             Was a Believer of Trog.
             Blown up by Ijyb (32 damage)
             ... with a disintegration bolt
             ... on level 3 of the Dungeon.
             The game lasted 00:13:08 (2003 turns).

Bapo the Slasher (Draconian Berserker)              Turns: 2003, Time: 00:13:08

Health: -9/69      AC:  7    Str: 28    XL:     5   Next: 11%
Magic:  5/5        EV: 13    Int:  8    God:    Trog [**....]
Gold:   138        SH:  0    Dex: 13    Spells: 4/4 levels left

rFire    . . .     SeeInvis .   a - +1 falchion
rCold    . . .     Gourm    .   (no shield)
rNeg     . . .     Faith    .   (armour unavailable)
rPois    .         Spirit   .   (helmet restricted)
rElec    .         Reflect  .   m - +0 cloak
rCorr    .         Harm     .   h - +0 pair of gloves
MR       .....                  (no boots)
Stlth    ..........             (no amulet)
HPRegen  0.21/turn              c - +3 ring of dexterity
MPRegen  0.09/turn              j - +3 ring of strength

@: berserking, very quick
A: unfitting armour, cold-blooded, AC +5
a: Berserk, Trog's Hand, Renounce Religion


You were on level 3 of the Dungeon.
You worshipped Trog.
Trog was pleased with you.
You were not hungry.

You visited 1 branch of the dungeon, and saw 3 of its levels.

You collected 138 gold pieces.

Inventory:

Hand Weapons
 a - a +1 falchion (weapon)
Missiles
 e - 11 poisoned darts (quivered)
Armour
 h - a +0 pair of gloves (worn)
 m - a +0 cloak (worn)
Jewellery
 c - a +3 ring of dexterity (left hand)
 d - an uncursed ring of ice
 j - a +3 ring of strength (right hand)
Potions
 f - a potion of degeneration {unknown}
 g - a potion of curing
 i - a potion of heal wounds {unknown}
 k - a potion of berserk rage {unknown}
Comestibles
 b - a ration


   Skills:
 + Level 4.2 Fighting
 + Level 4.5 Long Blades
 * Level 3.7 Dodging


You had 4 spell levels left.
You didn't know any spells.
Your spell library was empty.

Dungeon Overview and Level Annotations

Branches:
Dungeon (3/15)

Altars:
Ru
Sif Muna
Uskayaw
Vehumet

Annotations:
D:3 Ijyb


Innate Abilities, Weirdness & Mutations

Your plain brown scales are hard. (AC +5)
You cannot fit into any form of body armour.
You are cold-blooded and may be slowed by cold attacks.


Message History

a bat corpse; a frilled lizard corpse Your library has no spells.
Ijyb the Twisted Goblin comes into view.
She is wielding a +0 dagger, wearing a +0 ring mail of cold resistance and carrying a wand of disintegration (16).
Ijyb shouts!
A giant cockroach comes into view.
Ijyb zaps a wand.
You are blasted!
Ouch! That really hurt!
The giant cockroach waves its antennae.
The giant cockroach barely misses you.
You hit the giant cockroach.
The giant cockroach is lightly wounded.
The giant cockroach closely misses you.
You completely miss the giant cockroach.
Your tail-slap misses the giant cockroach.
The giant cockroach is lightly wounded.
The giant cockroach bites you but does no damage.
A red film seems to cover your vision as you go berserk!
You feel yourself moving faster!
You feel mighty!
You feel a lot more hungry. The giant cockroach bites you.
Ijyb zaps a wand.
You are blasted!
You die...

##.# #.# #.# #.# #.#
#.# #.# ######### #.#
#.# .## ...g....# #.#
#.# ....#######.###.#
#.#
......#####.....###.#
#.s@.g..........#
#################


You could see Ijyb and a giant cockroach.

Vanquished Creatures
  Crazy Yiuf (D:3)
  Terence (D:2)
  Robin (D:2)
  An adder (D:2)
  2 oozes
  2 worms (D:2)
  3 dart slugs
  A giant cockroach (D:2)
  14 goblins
  7 hobgoblins
  7 bats
  3 frilled lizards
  8 kobolds
  7 rats
58 creatures vanquished.

Vanquished Creatures (others)
  9 toadstools (D:3)
9 creatures vanquished.

Grand Total: 67 creatures vanquished

Notes
Turn   | Place    | Note
-------+----------+-------------------------------------------
     0 | D:1      | Bapo the Draconian Berserker began the quest for the Orb.
     0 | D:1      | Reached XP level 1. HP: 19/19 MP: 1/1
     5 | D:1      | Noticed a four-headed hydra
    98 | D:1      | Reached XP level 2. HP: 26/26 MP: 2/2
   631 | D:1      | Noticed a black mamba
   686 | D:2      | Noticed Robin
   690 | D:2      | Reached XP level 3. HP: 33/33 MP: 3/3
   703 | D:2      | Killed Robin
   704 | D:2      | Reached ** piety under Trog
   867 | D:2      | Noticed Terence
   879 | D:2      | Killed Terence
   879 | D:2      | Reached XP level 4. HP: 40/40 MP: 4/4
  1264 | D:2      | Noticed a +0 dagger
  1264 | D:2      | Noticed a -3 hand axe
  1266 | D:2      | Found a hide-covered altar of Uskayaw.
  1417 | D:2      | Found a radiant altar of Vehumet.
  1500 | D:2      | Found a deep blue altar of Sif Muna.
  1758 | D:3      | Found a sacrificial altar of Ru.
  1863 | D:3      | Found a runed translucent door.
  1864 | D:3      | Noticed Crazy Yiuf
  1871 | D:3      | Killed Crazy Yiuf
  1871 | D:3      | Reached XP level 5. HP: 46/46 MP: 5/5
  1992 | D:3      | Noticed Ijyb
  2003 | D:3      | Blown up by Ijyb

Levels and vault maps discovered:
D:1:      sevenhm_arrival_forest_fort_small_2, layout_basic
D:2:      layout_loops_ring, led_sif_pool, marbit_many_paths,
          dancing_weapons_uskayaw, first_ration, uniq_robin, uniq_terence
D:3:      cheibrodos_fertilizer, layout_loops_ring, nicolae_ru_path_of_blood,
          uniq_crazy_yiuf_cottage, uniq_ijyb

Skill      XL: |  1  2  3  4 |
---------------+-------------+-----
Dodging        | 3 |  3.7
Fighting       | 4 |  4.2
Long Blades    | 4 |  4.5

Action                   |  1- 3 |  4- 6 || total
-------------------------+-------+-------++-------
Melee: Falchion          |    52 |    61 ||   113
       Tailslap          |     8 |    11 ||    19
Throw: Dart              |       |    18 ||    18
Invok: Berserk           |     5 |     2 ||     7
  Use: Scroll            |     4 |       ||     4
       Potion            |       |     1 ||     1
 Stab: Sleeping          |       |     1 ||     1
  Eat: Ration            |     1 |     1 ||     2
       Chunk             |       |     3 ||     3
Armor: Skin              |    17 |    19 ||    36
Dodge: Dodged            |    24 |    53 ||    77
       Rpst.: Falchion   |     8 |    12 ||    20

Table legend:
 A = Non-vault XP
 B = Vault XP
 C = Vault XP percentage of total XP
 D = Non-vault monster count
 E = Vault monster count
 F = Vault count percentage of total count
                 A         B        C        D         E       F
            +---------+---------+-------+---------+---------+-------
      Total |     110 |     107 |  49.3 |      47 |      11 |  19.0
            +---------+---------+-------+---------+---------+-------
        D:1 |      38 |       0 |   0.0 |      19 |       0 |   0.0
        D:2 |      64 |      66 |  50.8 |      23 |      10 |  30.3
        D:3 |       8 |      41 |  83.7 |       5 |       1 |  16.7
            +---------+---------+-------+---------+---------+-------
